Map: Orbital Shipyard

Players

Shamanas - Winner!

  • Race: Terran Terran

GORILLA

  • Race: Terran Terran

VOD

Have the link to the VOD?

Description

Time

  • Played on: May 2, 2015, 2:11 p.m.
  • Length: 20:27
Show
View Real Time Build Order
Export as new Build Order

Shamanas Terran - Winner!

Build Orders: Reaper Expand, Mech 

Get SALT Encoding   

  12  0:01  SCV  
  13  0:13  SCV  
  14  0:17  Supply Depot  
  14  0:25  SCV  
  15  0:39  SCV  
  16  0:43  Barracks  
  16  0:45  Refinery  
  16  0:51  SCV  
  17  1:03  SCV  
  18  1:15  SCV  
  19  1:29  Orbital Command  
  19  1:30  Reaper  
  20  1:41  Command Center  
  20  1:50  Supply Depot  
  20  1:55  SCV  
  21  2:02  Barracks Reactor  
  21  2:08  SCV  
  22  2:19  Refinery  
  22  2:20  SCV  
  23  2:27  Missile Turret  
  23  2:30  Factory  
  23  2:32  SCV  
  23  2:36  Supply Depot  
  24  2:47  SCV  
  25  2:55  Missile Turret  
  25  2:58  Orbital Command  
  24  3:03  Marine  
  24  3:04  Marine  
  27  3:05  SCV  
  27  3:08  Refinery  
  27  3:13  Factory Tech Lab  
  27  3:17  SCV, Refinery  
  28  3:21  Factory, Marine x2  
  28  3:25  SCV  
  31  3:29  SCV  
  32  3:36  Cyclone  
  32  3:38  SCV  
  36  3:42  SCV  
  36  3:44  Marine x2  
  39  3:50  SCV  
  39  3:54  SCV  
  41  3:58  Infernal Pre-Igniter  
  41  4:02  SCV  
  42  4:06  SCV  
  42  4:09  Siege Tank  
  46  4:14  SCV, Hellion  
  49  4:18  SCV  
  49  4:22  Supply Depot  
  50  4:28  Hellion  
  53  4:31  SCV x2  
  54  4:39  Command Center  
  53  4:46  SCV x2  
  55  4:57  Hellion  
  55  4:58  Hellion, Siege Tank  
  62  5:04  Supply Depot  
  62  5:06  Supply Depot  
  62  5:08  SCV  
  62  5:24  SCV  
  62  5:26  SCV  
  56  5:35  Factory  
  56  5:36  SCV, Factory  
  56  5:37  Armory, Starport  
  56  5:38  SCV, Armory  
  58  5:45  Siege Tank  
  58  5:46  Hellion  
  58  5:48  SCV, Refinery  
  64  5:50  SCV  
  64  5:51  Refinery  
  65  5:58  Orbital Command  
  65  6:00  SCV  
  66  6:14  SCV x2  
  66  6:17  Hellion x2, Siege Tank  
  75  6:19  Starport Tech Lab  
  75  6:20  Factory Tech Lab  
  75  6:21  Factory Reactor  
  75  6:26  SCV x2  
  75  6:29  SCV  
  78  6:34  Terran Vehicle And Ship Armor Level 1, Terran Vehicle and Ship Weapons Level 1  
  78  6:38  SCV  
  78  6:39  Hellbat x2  
  83  6:40  Banshee, Cloaking Field  
  86  6:52  SCV x2  
  88  6:56  Siege Tank  
  88  7:01  Supply Depot, Siege Tank  
  93  7:02  Supply Depot  
  93  7:15  Command Center, Starport  
  101  7:22  SCV x2  
  101  7:23  Hellbat x4  
  101  7:25  Banshee  
  106  7:31  Starport  
  104  7:53  Thor  
  104  7:55  Thor  
  104  7:57  Hellbat  
  109  7:59  Hellbat x3  
  103  8:12  Supply Depot x2, Banshee, Starport Reactor  
  106  8:14  Starport Tech Lab  
  106  8:18  Supply Depot  
  106  8:23  Hellbat  
  114  8:27  Hellbat x3  
  114  8:28  Refinery  
  114  8:30  Refinery  
  114  8:35  SCV x2, Engineering Bay, Thor  
  114  8:38  Thor  
  114  8:39  Supply Depot  
  114  8:41  Terran Vehicle and Ship Weapons Level 2  
  128  8:49  Terran Vehicle And Ship Armor Level 2  
  128  9:00  Banshee  
  131  9:04  Hellbat x3  
  131  9:06  Planetary Fortress  
  135  9:12  SCV x2  
  135  9:30  Thor  
  133  9:31  Hellbat  
  133  9:32  Hellbat x3  
  141  9:42  SCV x3  
  141  9:44  Banshee x2, Viking  
  135  9:53  Hellbat  
  135  10:03  Factory Tech Lab  
  135  10:08  Command Center, SCV  
  135  10:09  SCV  
  135  10:13  Viking, Hellbat x2  
  137  10:19  Fusion Core  
  125  10:22  SCV x2  
  125  10:27  Banshee  
  130  10:39  Viking x2  
  130  10:40  Thor x2  
  130  10:41  Hellbat x4  
  148  11:02  Hellbat  
  129  11:14  Banshee x2, Viking, Hellbat x2  
  129  11:15  Viking  
  140  11:22  Thor  
  140  11:24  Refinery  
  146  11:28  Planetary Fortress  
  146  11:30  Hellbat x2  
  150  11:34  Starport  
  150  11:35  Thor, Starport  
  150  11:36  Starport  
  153  11:40  Hellbat  
  155  11:50  Refinery  
  155  11:51  SCV x4, Missile Turret  
  155  11:53  Missile Turret  
  159  11:55  Hellbat x3  
  159  11:57  Terran Vehicle and Ship Weapons Level 3  
  165  12:06  Siege Tank  
  165  12:08  Banshee  
  171  12:19  Supply Depot  
  171  12:20  Supply Depot x2  
  171  12:21  Terran Vehicle And Ship Armor Level 3  
  171  12:24  Supply Depot x2  
  171  12:27  Supply Depot  
  171  12:32  Starport Tech Lab, Starport Reactor  
  171  12:33  Starport Reactor  
  171  12:37  SCV x4, Siege Tank  
  171  12:43  Siege Tank, Hellbat x2  
  177  12:54  Banshee x2  
  177  12:55  Banshee  
  160  13:09  Siege Tank  
  149  13:15  Siege Tank  
  149  13:16  Hellbat x3  
  149  13:18  Viking  
  146  13:35  Viking  
  146  13:37  Banshee x3  
  157  13:41  Hellbat  
  157  13:42  Hellbat x3  
  158  13:53  Siege Tank x2  
  155  13:59  Command Center  
  155  14:02  Command Center  
  151  14:06  Hellbat x2  
  151  14:07  Viking x4, Refinery  
  151  14:08  Viking  
  156  14:11  Refinery  
  153  14:20  Banshee x2  
  141  14:30  Thor  
  145  14:32  Hellbat x4  
  145  14:33  Hellbat  
  145  14:35  Missile Turret  
  153  14:39  Viking x3  
  159  14:58  Hellbat x2  
  159  14:59  Hellbat x3  
  169  15:03  Banshee x2, Viking  
  169  15:04  Viking  
  179  15:20  Banshee  
  179  15:21  Viking  
  168  15:32  Viking  
  159  15:39  SCV x3  
  160  15:46  Banshee  
  160  15:47  Hellbat  
  160  15:48  Hellbat x2  
  156  15:58  SCV x3  
  151  16:30  Hellbat x2  
  151  16:31  Thor, Banshee x2  
  151  16:32  Banshee, Viking x3  
  167  16:53  Orbital Command  
  159  17:02  Planetary Fortress  
  159  17:03  Refinery  
  159  17:08  Refinery  
  159  17:09  Viking x2  
  159  17:15  Hellbat x3  
  182  17:41  Hellbat x2  
  182  17:42  Hellbat x4  
  194  17:49  Battlecruiser x3  
  195  17:58  SCV x2  
  195  17:59  SCV x2  
  195  18:03  SCV x3  
  198  18:08  Hellbat x2  
  200  18:21  Hi-Sec Auto Tracking  
  200  18:30  SCV x3  
  200  18:39  SCV  
  195  18:52  Siege Tank  
  198  19:23  Viking  
  200  19:28  SCV x2  
  200  19:30  Viking x2  
  174  19:42  Command Center  
  173  19:46  Missile Turret  
  173  19:49  Hellbat x5  
  180  19:57  SCV  
  180  19:58  SCV x3  
  170  20:02  SCV x3  
Show
View Real Time Build Order
Export as new Build Order

GORILLA Terran 

Build Orders: Command Center First (CC), Mech 

Get SALT Encoding   

  12  0:01  SCV  
  13  0:13  SCV  
  14  0:20  Supply Depot  
  14  0:25  SCV  
  15  0:54  Command Center  
  15  0:57  SCV  
  16  1:09  Barracks  
  16  1:13  SCV  
  17  1:19  Refinery  
  17  1:25  SCV  
  18  1:37  SCV  
  19  1:49  SCV  
  20  2:04  Orbital Command  
  20  2:06  Orbital Command  
  20  2:08  Marine  
  20  2:21  Refinery  
  20  2:24  Factory  
  20  2:28  Marine  
  21  2:30  SCV  
  21  2:34  SCV  
  23  2:42  SCV  
  24  2:46  SCV  
  25  2:58  SCV x2  
  25  3:03  Marine  
  27  3:08  Factory Tech Lab  
  27  3:10  SCV x2  
  29  3:15  Starport  
  29  3:22  SCV x2  
  29  3:25  Marine  
  32  3:34  Supply Depot, SCV  
  32  3:35  SCV  
  32  3:36  Command Center  
  32  3:39  Refinery  
  32  3:40  Refinery  
  34  3:46  SCV  
  34  3:47  SCV  
  36  3:54  Supply Depot  
  39  3:55  Cyclone  
  39  3:59  SCV  
  39  4:00  SCV  
  39  4:01  Engineering Bay  
  41  4:12  SCV x2  
  43  4:17  Viking  
  43  4:20  Supply Depot  
  43  4:24  SCV x2  
  47  4:27  Siege Tank  
  47  4:28  Supply Depot  
  50  4:33  Factory  
  50  4:38  SCV  
  51  4:40  Armory  
  51  4:43  Supply Depot  
  51  5:00  Siege Tank  
  51  5:04  Supply Depot x2  
  46  5:26  SCV x3  
  49  5:32  Siege Tank  
  49  5:35  Supply Depot  
  52  5:38  SCV x2  
  52  5:39  Terran Vehicle and Ship Weapons Level 1  
  52  5:41  Starport Tech Lab  
  55  5:47  Orbital Command  
  54  5:50  SCV  
  54  5:51  SCV  
  54  5:54  Factory Tech Lab  
  56  6:03  SCV, Supply Depot  
  56  6:04  SCV, Siege Tank  
  61  6:13  Supply Depot  
  61  6:15  SCV  
  61  6:16  SCV, Siege Tank  
  66  6:24  Command Center  
  66  6:27  SCV  
  66  6:28  Supply Depot  
  67  6:35  Raven  
  67  6:36  Armory, Orbital Command  
  67  6:38  Siege Tank  
  72  6:43  Factory  
  72  6:48  Factory  
  72  6:52  Command Center  
  72  7:01  SCV x2  
  72  7:07  Siege Tank  
  77  7:09  SCV  
  77  7:10  Siege Tank  
  77  7:13  SCV  
  77  7:14  SCV  
  83  7:21  SCV  
  84  7:25  SCV  
  84  7:26  SCV  
  84  7:27  Refinery  
  84  7:28  Factory Reactor  
  86  7:31  Factory  
  86  7:32  Refinery, Factory Reactor  
  86  7:41  Missile Turret  
  86  7:45  Missile Turret  
  80  8:04  Siege Tank x2  
  83  8:08  Hellion x2, Infernal Pre-Igniter  
  83  8:10  Orbital Command  
  87  8:12  Command Center  
  87  8:24  Command Center  
  87  8:26  Terran Vehicle and Ship Weapons Level 2  
  87  8:29  Command Center  
  87  8:30  Terran Vehicle And Ship Armor Level 1  
  87  8:33  Factory Tech Lab  
  87  8:37  Command Center  
  87  8:48  Missile Turret  
  87  8:57  Siege Tank x2  
  87  8:58  Hellion x2  
  87  8:59  Planetary Fortress  
  87  9:02  SCV x3  
  100  9:13  Siege Tank, Missile Turret  
  100  9:14  SCV x2  
  103  9:29  Siege Tank  
  103  9:30  Siege Tank  
  97  9:32  Hellion x2  
  97  9:33  Hellion  
  97  9:35  SCV  
  97  9:36  SCV x3  
  105  9:40  Orbital Command  
  105  9:45  Siege Tank  
  105  9:47  Viking  
  105  9:48  SCV  
  105  9:52  SCV x2  
  102  10:02  Missile Turret  
  102  10:03  Missile Turret  
  102  10:05  Siege Tank  
  102  10:06  Hellion  
  107  10:13  Missile Turret  
  107  10:14  Refinery  
  96  10:16  Refinery  
  96  10:17  Viking  
  95  10:32  SCV x3  
  95  10:35  Orbital Command  
  95  10:39  Terran Vehicle And Ship Armor Level 2  
  95  10:41  Starport  
  95  10:42  Terran Vehicle and Ship Weapons Level 3  
  95  10:47  Viking  
  95  10:48  SCV x2  
  95  10:49  Missile Turret  
  99  10:53  SCV x3  
  102  11:03  Siege Tank x3  
  95  11:12  SCV  
  95  11:13  SCV x2  
  95  11:14  SCV x3  
  95  11:17  Hellion  
  103  11:24  Barracks  
  103  11:31  SCV x4  
  104  11:35  Siege Tank x3  
  113  11:41  Viking  
  113  11:43  Starport Reactor  
  119  12:01  Hellion x2  
  119  12:07  Siege Tank x3  
  122  12:39  Siege Tank x3  
  122  12:42  Hellion x4  
  139  12:50  Viking x2  
  139  12:51  Viking, Missile Turret  
  145  12:52  Missile Turret  
  141  13:03  Hellion x3  
  139  13:11  Siege Tank x3  
  113  13:20  Viking x3  
  90  13:43  Siege Tank x2  
  91  13:50  Viking x3  
  91  13:53  Missile Turret  
  88  14:07  Siege Tank  
  88  14:08  Hellion x4  
  96  14:12  SCV  
  96  14:15  Siege Tank x2  
  98  14:20  Viking  
  94  14:29  Hellion x2  
  94  14:30  Hellion  
  100  14:40  Hellion, Siege Tank  
  105  14:48  Hellion, Siege Tank  
  105  14:51  Hellion x2  
  105  14:52  Hellion  
  116  14:58  SCV x6  
  116  14:59  SCV  
  123  15:02  Hellion  
  125  15:07  Refinery  
  125  15:08  Refinery  
  125  15:09  Siege Tank  
  125  15:10  SCV  
  125  15:12  Hellion x3  
  125  15:13  Hellion  
  137  15:18  Refinery  
  137  15:20  Hellion  
  139  15:23  Hellion  
  139  15:26  Refinery  
  133  15:33  Hellion  
  133  15:34  Missile Turret  
  133  15:39  Missile Turret  
  133  15:47  Siege Tank  
  133  15:48  Hellion x4, Siege Tank  
  147  15:54  Siege Tank  
  146  15:58  Hellion x4  
  138  16:09  Hellion x2  
  138  16:10  Hellion x2  
  134  16:24  Missile Turret  
  132  16:26  Orbital Command  
  132  16:32  Siege Tank x2  
  138  16:33  Hellion x3  
  142  16:55  SCV x3  
  142  17:00  Hellion x5  
  155  17:05  Hellion x2  
  152  17:18  Viking  
  152  17:21  Hellion x3, Siege Tank  
  159  17:26  Siege Tank  
  159  17:27  Missile Turret  
  157  17:46  Viking  
  157  17:47  Widow Mine x2  
  147  18:11  Hellion x4  
  147  18:12  Hellion  
  151  18:16  Hellion x2  
  151  18:31  Viking  
  153  18:34  Viking  
  153  18:48  Missile Turret  
  153  19:09  Orbital Command  
  153  19:10  Missile Turret  
  100  19:36  Missile Turret  
  100  19:37  Viking x2, Missile Turret  
  100  19:38  Viking  
  90  19:39  Widow Mine  
Tags
 
Add a new tag
Caveats
  • Supply blocks, unpowered buildings, or Contaminate may cause inaccurate times.
  • Supply counts are checked every 10 seconds.